 Dungeon Crawl Stone Soup version 0.18.1-5-g4a78601 (webtiles) character file.

101315 Liquid the Transmogrifier (level 15, -29/189 HPs)
             Began as a White Draconian Necromancer on May 9, 2016.
             Was the Champion of Vehumet.
             Annihilated by a titanic slime creature (79 damage)
             ... on level 3 of the Swamp.
             The game lasted 03:18:00 (28600 turns).

Liquid the Transmogrifier (DrNe)                   Turns: 28600, Time: 03:18:01

Health: -29/189    AC: 23    Str: 21    XL:     15   Next: 83%
Magic:  22/28      EV: 10    Int: 24    God:    Vehumet [******]
Gold:   2067       SH:  0    Dex: 15    Spells: 6 memorised, 3 levels left

rFire  x . .     SeeInvis .       - Unarmed
rCold  + + .     Gourm    .     (armour unavailable)
rNeg   . . .     Faith    .     (shield currently unavailable)
rPois  +         Spirit   .     (helmet unavailable)
rElec  .         Dismiss  +     (cloak currently unavailable)
rCorr  .         Reflect  .     (gloves currently unavailable)
SustAt .         Harm     .     (boots currently unavailable)
MR     +++..     Rnd*Rage +     O - amulet of dismissal
Stlth  ++........               s - ring of Yshomp {rPois MR++ Int+4}
                                z - +4 ring of protection

@: dragon-form, flying, regenerating (expiring), extremely resistant to hostile
enchantments, unstealthy
A: breathe frost, unfitting armour, (claws 0), (horns 0), (stinger 0), berserk
1, clever 1, (cold resistance 0), (cold-blooded), MP-powered wands, AC +9
a: Breathe Frost, End Transformation, Renounce Religion


You were on level 3 of the Swamp.
You worshipped Vehumet.
Vehumet was exalted by your worship.
You were very hungry.
You were a fearsome dragon!
You visited 4 branches of the dungeon, and saw 28 of its levels.
You also visited: Ossuary.

You collected 2691 gold pieces.
You spent 624 gold pieces at shops.

Inventory:

Armour
 e - a +2 pair of gloves
 i - a +1 cloak (melded)
 u - a +0 buckler (melded)
 U - a +0 pair of boots of running (melded)
Jewellery
 c - a cursed -3 ring of evasion
 m - an uncursed ring of resist corrosion
 s - the ring of Yshomp (right foreclaw) {rPois MR++ Int+4}
   (You found it on level 5 of the Dungeon)

   [ring of poison resistance]

   It affects your intelligence (+4).
   It protects you from poison.
   It affects your resistance to hostile enchantments.
 z - a +4 ring of protection (left foreclaw)
 C - a +5 ring of strength
 O - an amulet of dismissal (around neck)
 W - an uncursed ring of magical power
Wands
 l - a wand of hasting (2/9)
 r - a wand of teleportation (1/9)
 w - a wand of acid (4/15)
 x - a wand of acid (7/15)
 J - a wand of lightning (12/15)
 K - a wand of digging (14/24)
 Y - a wand of acid (8/15)
Scrolls
 d - a scroll of holy word
 g - 10 scrolls of remove curse
 h - 3 scrolls of identify
 q - 6 scrolls of amnesia
 t - a scroll of teleportation
 v - 7 scrolls of recharging
 y - 3 scrolls of fear
 B - a scroll of enchant armour
 D - 2 scrolls of magic mapping
 H - 2 scrolls of enchant weapon
Potions
 k - 3 potions of magic
 n - a potion of cure mutation
 o - 14 potions of curing
 p - 2 potions of agility
 A - 2 potions of resistance
 G - a potion of berserk rage
 L - a potion of cancellation
 N - 4 potions of brilliance
 P - a potion of haste
 S - a potion of invisibility
 V - a potion of ambrosia
 X - 2 potions of might
Books
 a - Advanced Theurgy
   (You found it on level 8 of the Lair of Beasts)

   Spells                             Type                      Level
   a - Excruciating Wounds            Charms/Necromancy            5
   b - Bolt of Draining               Conjuration/Necromancy       5
   c - Yara's Violent Unravelling     Hexes/Transmutation          5
   d - Silence                        Hexes/Air                    5
   e - Agony                          Necromancy                   5
   f - Summon Demon                   Summoning                    5
 f - a book of Misfortune

   Spells                             Type                      Level
   a - Confusing Touch                Hexes                        2
   b - Confuse                        Hexes                        3
   c - Gell's Gravitas                Hexes/Translocation          3
   d - Petrify                        Transmutation/Earth          4
   e - Metabolic Englaciation         Hexes/Ice                    5
   f - Yara's Violent Unravelling     Hexes/Transmutation          5
 M - a book of Transfigurations

   Spells                             Type                      Level
   a - Irradiate                      Conjuration/Transmutation    5
   b - Statue Form                    Transmutation/Earth          6
   c - Hydra Form                     Transmutation                6
   d - Dragon Form                    Transmutation                7
 R - a book of Annihilations

   Spells                             Type                      Level
   a - Poison Arrow                   Conjuration/Poison           6
   b - Chain Lightning                Conjuration/Air              8
   c - Lehudib's Crystal Spear        Conjuration/Earth            8
   d - Glaciate                       Conjuration/Ice              9
   e - Fire Storm                     Conjuration/Fire             9
Comestibles
 b - 10 bread rations
 j - 15 meat rations
 E - 7 beef jerkies
 F - a slice of pizza
 I - 4 fruits
 Q - 10 royal jellies
 T - 3 chunks of flesh


   Skills:
 - Level 10.1 Fighting
 + Level 9.6 Dodging
 - Level 1.7 Stealth
 + Level 4.6 Shields
 - Level 9.3 Unarmed Combat
 + Level 9.6 Spellcasting
 - Level 10.0 Necromancy
 * Level 14.9 Transmutations
 - Level 10.6 Ice Magic
 + Level 7.4 Earth Magic


You had 3 spell levels left.
You knew the following spells:

 Your Spells              Type           Power        Failure   Level  Hunger
a - Agony                 Necr           ######..     2%          5    ####...
b - Regeneration          Chrm/Necr      #####.....   2%          3    None
c - Vampiric Draining     Necr           ######....   1%          3    None
e - Ozocubu's Refrigerat  Ice            ######....   3%          6    ######.
f - Statue Form           Trmt/Erth      ######...    10%         6    ######.
g - Dragon Form           Trmt           ######....   12%         7    #######


Dungeon Overview and Level Annotations

Branches:
Dungeon (15/15)            Temple (0/1) D:4            Lair (8/8) D:11
  Swamp (3/4) Lair:5        Snake (0/4) Lair:5        Slime (0/6) Lair:6
    Orc (2/2) D:9             Elf (0/3) Orc:2        Vaults (0/5) D:13
 Depths (0/5) D:15

Altars:
Cheibriados
Fedhas
Gozag
Makhleb
Nemelex Xobeh
Ru
Vehumet
Xom
Yredelemnul
Zin
Beogh

Shops:
D:14 (   Orc:1 [   Orc:2 [(?

Annotations:
D:4 oplop's ghost, novice OpTm
Lair:6 1 exclusion


Innate Abilities, Weirdness & Mutations

You can breathe waves of freezing cold.
You can buffet flying creatures when you breathe cold.
Your icy white scales are hard (AC +9).
Your body does not fit into most forms of armour.
((Your flesh is cold resistant.))
((You are cold-blooded and may be slowed by cold attacks.))
((You have sharp fingernails.))
((You have a pair of large horns on your head.))
((Your tail ends in a poisonous barb.))
You tend to lose your temper in combat.
Your mind is acute. (Int +2)
You expend magic power (3 MP) to strengthen your wands.


Message History

The thorn hunter is severely damaged.
You have got your breath back.
The briar patch crumbles away. x2
The thorn hunter hits you but does no damage. x2
You hit the thorn hunter but do no damage.
The thorn hunter is heavily damaged.
The titanic slime creature completely misses you.
The thorn hunter closely misses you. The thorn hunter misses you.
You claw the thorn hunter!
The thorn hunter is severely damaged.
Your skin is crawling a little less now.
The briar patch crumbles away.
The titanic slime creature hits you!!!!
Ouch! That really hurt!
* * * LOW HITPOINT WARNING * * *
The thorn hunter hits you but does no damage. x2
You claw the thorn hunter!
Your tail-slap misses the thorn hunter.
You bite the thorn hunter, but do no damage.
The thorn hunter is almost destroyed.
The briar patch crumbles away.
The titanic slime creature hits you!!!!
You die...

♣....♣♣ ♣♣PP...
♣♣♣♣♣♣.≈≈≈.♣♣♣♣.≈≈P.♣≈
♣♣≈♣♣≈≈≈♣≈≈≈≈♣PPPP.P.P≈
♣♣.♣...♣≈≈≈..≈.PPPPP≈PP.
♣♣..♣♣♣≈≈..≈..≈....≈PP..≈
♣♣.≈..♣♣.≈≈........≈♣PP≈≈≈
♣..≈≈...†§...♣..w.$≈≈P.≈≈≈
≈≈....≈≈...≈.PPPPJ≈♣.w.≈≈.
.>≈≈≈.♣≈...≈≈PPPD♣♣.♣♣.≈≈(
≈..≈≈.≈≈...§≈≈≈f♣♣ ♣♣ ..≈
≈≈.≈♣.♣≈.≈.≈.≈..♣ .
≈≈..≈≈≈≈≈≈≈≈.≈.♣♣
≈..≈≈....≈♣≈≈..♣
≈...≈♣♣♣♣≈≈≈≈≈≈♣ ≈≈..♣♣
♣♣≈.≈≈♣♣ ≈§...♣ ♣♣.≈≈
≈.≈.♣♣


You could see a thorn hunter, a titanic slime creature and a swamp worm.

Vanquished Creatures
  Saint Roka (Orc:2)
  Aizul (Swamp:2)
  A stone giant (Orc:2)
  An ettin (D:15)
  Josephine (Lair:4)
  4 vault guards (D:13)
  The ghost of oplop the Octopoid Aeon, a journeyman OpTm of Cheibriados (D:13)
  3 hydras
  2 catoblepae
  2 ogre magi (D:15)
  A ghost crab (Swamp:3)
  2 centaur warriors
  3 alligators
  The ghost of Graouh the Blocker, a novice MiFi of Okawaru (D:9)
  A death knight (D:13)
  A queen ant (D:9)
  Urug (D:15)
  An orc high priest (Orc:2)
  A skeletal warrior (D:13)
  A fire crab (Lair:6)
  A wizard (D:15)
  2 unseen horrors
  5 hill giants
  4 orc knights
  A shambling mangrove (Swamp:2)
  A wolf spider zombie (D:13)
  Pikel (D:7)
  2 oklob plants
  A phantasmal warrior (D:13)
  A hornet (Swamp:1)
  A griffon (D:15)
  A manticore (D:15)
  2 orc sorcerers
  An ugly thing (D:10)
  2 deep elf magi
  A cyclops (D:15)
  3 elephants (Lair:5)
  4 black mambas
  Joseph (D:8)
  A spiny frog (shapeshifter) (D:14)
  12 spiny frogs
  2 rime drakes (Lair:8)
  5 komodo dragons
  A kobold demonologist (D:14)
  A yaktaur (D:15)
  4 spriggan druids
  The ghost of Wingboner the Sneak, a novice VSEn of Dithmenos (D:5)
  A two-headed ogre (D:13)
  A queen bee (Lair:8)
  4 polar bears (Lair:8)
  7 trolls
  6 giant leeches
  15 blink frogs
  A harpy skeleton (D:15)
  Grinder (D:3)
  5 bog bodies
  A boulder beetle (Lair:3)
  13 slime creatures
  A centaur simulacrum (D:15)
  7 redbacks (Lair:8)
  16 spriggans
  60 yaks
  4 wraiths
  2 wyverns
  4 shadows
  4 basilisks
  2 steam dragons
  6 hippogriffs
  A human (D:7)
  Grum (Lair:1)
  A hungry ghost (D:14)
  5 vampire mosquitoes
  A mottled dragon (D:12)
  4 insubstantial wisps (Swamp:3)
  4 swamp worms
  3 wargs
  20 soldier ants (D:9)
  4 nagas (Lair:5)
  11 water moccasins
  Duvessa (D:4)
  7 porcupines
  30 orc warriors
  5 sky beasts
  6 swamp drakes
  3 ice beasts
  12 wasps
  An eye of draining (D:11)
  4 black bears
  9 ogres
  29 wolves
  14 centaurs
  A phantom (D:5)
  14 crocodiles
  4 big kobolds
  21 giant frogs
  A gnoll sergeant (D:8)
  Dowan (D:4)
  2 wyvern zombies
  A wyvern skeleton (D:10)
  3 scorpions
  22 killer bees
  9 wights
  3 electric eels (Lair:1)
  A giant frog zombie (D:6)
  4 howler monkeys (D:14)
  4 centaur zombies
  5 crimson imps
  A quasit (D:7)
  30 orc wizards
  6 hounds
  13 jellies
  28 orc priests
  4 centaur skeletons
  A gnoll shaman (D:8)
  3 giant frog skeletons
  Jessica (D:3)
  28 worker ants
  Terence (D:3)
  10 iguanas
  33 sheep
  8 mummies (Ossuary)
  A howler monkey zombie (D:9)
  2 worker ant zombies
  Robin (D:3)
  10 gnolls
  13 adders
  71 river rats
  5 shadow imps
  An adder skeleton (D:9)
  3 adder zombies
  A worm (D:6)
  2 dart slugs (D:1)
  A giant gecko (D:3)
  117 orcs
  7 bats
  7 giant cockroaches
  A gnoll zombie (Ossuary)
  18 goblins
  17 hobgoblins
  12 jackals
  4 quokkas
  3 ball pythons
  A giant gecko zombie (D:5)
  3 giant newts
  3 hobgoblin zombies (Ossuary)
  19 kobolds
  2 kobold zombies (Ossuary)
  2 orc zombies (Ossuary)
  2 rats
  A briar patch (Swamp:3)
  25 fungi
  27 plants
1074 creatures vanquished.

Vanquished Creatures (others)
  A swamp dragon (Swamp:1)
  A giant leech (Swamp:1)
  A slime creature (Swamp:2)
  A sky beast (D:7)
  A swamp drake (Swamp:1)
  A bush (D:8)
  14 fungi
  19 plants
39 creatures vanquished.

Grand Total: 1113 creatures vanquished

Notes
Turn   | Place    | Note
--------------------------------------------------------------
     0 | D:1      | Liquid the Draconian Necromancer began the quest for the Orb.
     0 | D:1      | Reached XP level 1. HP: 14/14 MP: 3/3
   103 | D:1      | Reached XP level 2. HP: 6/22 MP: 0/5
   462 | D:1      | Reached skill level 1 in Fighting
   498 | D:1      | Reached XP level 3. HP: 16/28 MP: 0/6
   509 | D:1      | Learned a level 3 spell: Regeneration
  1270 | D:2      | Found a sacrificial altar of Ru.
  1314 | D:2      | Found a blossoming altar of Fedhas.
  1436 | D:2      | Reached XP level 4. HP: 27/35 MP: 0/7
  1476 | D:2      | Found a snail-covered altar of Cheibriados.
  1493 | D:2      | Reached skill level 5 in Necromancy
  1528 | D:2      | Found a basalt altar of Yredelemnul.
  1790 | D:2      | Found a radiant altar of Vehumet.
  1800 | D:2      | Became a worshipper of Vehumet
  1976 | D:3      | Noticed Jessica
  1979 | D:3      | Killed Jessica
  2002 | D:3      | Reached skill level 1 in Unarmed Combat
  2002 | D:3      | Reached XP level 5. HP: 39/41 MP: 3/9
  2065 | D:3      | Noticed Grinder
  2106 | D:3      | Paralysed by Grinder for 5 turns
  2206 | D:3      | Noticed Robin
  2251 | D:3      | Reached * piety under Vehumet
  2251 | D:3      | Offered knowledge of Shock by Vehumet.
  2281 | D:3      | Killed Robin
  2581 | D:3      | Paralysed by Grinder for 7 turns
  2639 | D:4      | Noticed Duvessa
  2639 | D:4      | Noticed Dowan
  2660 | D:4      | Killed Duvessa
  2660 | D:4      | Reached XP level 6. HP: 30/50 MP: 1/10
  2669 | D:4      | Killed Dowan
  2886 | D:4      | Gained mutation: You are agile. (Dex +2) [potion of mutation]
  2886 | D:4      | Gained mutation: You have sharp toenails. [potion of mutation]
  2886 | D:4      | Gained mutation: You tend to lose your temper in combat. [potion of mutation]
  3050 | D:4      | Found a staircase to the Ecumenical Temple.
  3456 | D:4      | Found a sacrificial altar of Ru.
  3457 | D:4      | Noticed oplop's ghost (novice OpTm)
  3573 | D:3      | Found a shimmering altar of Xom.
  3579 | D:3      | Noticed Terence
  3592 | D:3      | Killed Terence
  3592 | D:3      | Your scales start taking on an icy white colour.
  3592 | D:3      | Reached XP level 7. HP: 44/57 MP: 4/12
  3592 | D:3      | Gained mutation: Your flesh is cold resistant. [White Draconian growth]
  3761 | D:3      | Paralysed by Grinder for 5 turns
  3784 | D:3      | Killed Grinder
  3784 | D:3      | Reached ** piety under Vehumet
  3928 | D:4      | Offered knowledge of Flame Tongue by Vehumet.
  3946 | D:4      | Learned a level 3 spell: Vampiric Draining
  4100 | D:5      | Entered Level 5 of the Dungeon
  4120 | D:5      | Found a large runed door.
  4129 | D:5      | Found a large runed door.
  4257 | D:5      | Noticed Wingboner's ghost (novice VSEn)
  4315 | D:5      | Killed Wingboner's ghost
  4315 | D:5      | Reached XP level 8. HP: 46/67 MP: 13/14
  4357 | D:5      | Found a large runed door.
  4357 | D:5      | Found a large runed door.
  4807 | D:5      | Reached skill level 5 in Fighting
  5139 | D:5      | Noticed a troll
  5481 | D:5      | Got a vibrating turquoise ring
  5491 | D:5      | Identified the ring of Yshomp {rPois MR++ Int+4} (You found it on level 5 of the Dungeon)
  5571 | D:6      | Reached skill level 5 in Spellcasting
  5619 | D:6      | Offered knowledge of Throw Flame by Vehumet.
  5633 | D:6      | Reached XP level 9. HP: 49/74 MP: 16/16
  5706 | D:6      | Found a sand-covered staircase.
  5710 | Ossuary  | Entered an ossuary
  5767 | Ossuary  | Reached *** piety under Vehumet
  5771 | Ossuary  | Reached skill level 5 in Unarmed Combat
  5932 | Ossuary  | Lost mutation: You are agile. (Dex +2) [potion of mutation]
  5932 | Ossuary  | Gained mutation: Your muscles are strong. (Str +2) [potion of mutation]
  5932 | Ossuary  | Lost mutation: Your muscles are strong. (Str +2) [potion of mutation]
  6050 | D:6      | Offered knowledge of Inner Flame by Vehumet.
  6415 | D:7      | Found a burning altar of Makhleb.
  6757 | D:7      | Noticed Pikel
  6775 | D:7      | Killed Pikel
  6832 | D:7      | Reached **** piety under Vehumet
  6835 | D:7      | Reached XP level 10. HP: 71/84 MP: 17/19
  7007 | D:8      | Gained mutation: Your tail ends in a poisonous barb. [potion of mutation]
  7007 | D:8      | Gained mutation: You expend magic power (3 MP) to strengthen your wands. [potion of mutation]
  7088 | D:8      | Learned a level 2 spell: Ensorcelled Hibernation
  7120 | D:8      | Offered knowledge of Iskenderun's Mystic Blast by Vehumet.
  7145 | D:8      | Gained mutation: Your large and strong wings let you fly indefinitely. [potion of beneficial mutation]
  7146 | D:8      | Gained mutation: You have a pair of small horns on your head. [potion of beneficial mutation]
  7147 | D:8      | Gained mutation: You have a pair of horns on your head. [potion of beneficial mutation]
  7211 | D:8      | Found an opulent altar of Gozag.
  7370 | D:8      | Noticed Joseph
  7709 | D:8      | Found a sparkling altar of Nemelex Xobeh.
  7725 | D:8      | Killed Joseph
  7725 | D:8      | Reached skill level 1 in Ice Magic
  8578 | D:8      | Reached skill level 5 in Dodging
  8860 | D:9      | Found a glowing silver altar of Zin.
  8920 | D:9      | Reached skill level 1 in Shields
  9044 | D:9      | Noticed a queen ant
  9070 | D:9      | Killed a queen ant
  9152 | D:9      | Reached ***** piety under Vehumet
  9152 | D:9      | Offered knowledge of Fireball by Vehumet.
  9189 | D:9      | Reached skill level 10 in Necromancy
  9189 | D:9      | Reached XP level 11. HP: 93/93 MP: 13/20
  9690 | D:9      | Noticed Graouh's ghost (novice MiFi)
  9734 | D:9      | Killed Graouh's ghost
  9801 | D:9      | Found a staircase to the Orcish Mines.
 10066 | D:10     | Entered Level 10 of the Dungeon
 10906 | D:11     | Reached skill level 5 in Ice Magic
 10988 | D:11     | Noticed a brown ugly thing
 11018 | D:10     | Killed a brown ugly thing
 11025 | D:10     | Gained mutation: Your mind is acute. (Int +2) [mutagenic meat]
 11026 | D:10     | Lost mutation: You have sharp toenails. [mutagenic meat]
 11027 | D:10     | Gained mutation: You have a pair of large horns on your head. [mutagenic meat]
 11097 | D:11     | Killed an unseen horror
 11257 | D:11     | Offered knowledge of Ozocubu's Refrigeration by Vehumet.
 11268 | D:11     | Learned a level 6 spell: Ozocubu's Refrigeration
 11399 | D:11     | Found a staircase to the Lair.
 11905 | D:12     | Killed an unseen horror
 12477 | D:12     | Noticed a hill giant
 12488 | D:12     | Killed a hill giant
 12608 | Lair:1   | Entered Level 1 of the Lair of Beasts
 12652 | Lair:1   | Reached XP level 12. HP: 76/103 MP: 14/22
 13139 | Lair:1   | Noticed Grum
 13148 | Lair:1   | Killed Grum
 13832 | Lair:2   | Offered knowledge of Bolt of Fire by Vehumet.
 13898 | Lair:2   | Reached skill level 10 in Ice Magic
 14168 | Lair:2   | Lost mutation: Your large and strong wings let you fly indefinitely. [potion of mutation]
 14168 | Lair:2   | Gained mutation: You have sharp fingernails. [potion of mutation]
 14868 | Lair:3   | Learned a level 6 spell: Statue Form
 14990 | Lair:3   | Reached skill level 1 in Transmutations
 15000 | Lair:3   | Reached XP level 13. HP: 91/111 MP: 25/25
 15452 | Lair:4   | Noticed Josephine
 15608 | Lair:4   | Reached skill level 2 in Transmutations
 15786 | Lair:4   | Killed Josephine
 15983 | Lair:5   | Reached skill level 3 in Transmutations
 15990 | Lair:5   | Found a staircase to the Swamp.
 16155 | Lair:5   | Found a staircase to the Snake Pit.
 16156 | Lair:5   | Offered knowledge of Conjure Ball Lightning by Vehumet.
 16161 | Lair:5   | Reached skill level 4 in Transmutations
 16740 | Lair:5   | Learned a level 7 spell: Dragon Form
 16830 | Lair:5   | Reached skill level 5 in Transmutations
 17081 | Lair:6   | Found a staircase to the Slime Pits.
 17185 | Lair:6   | Reached skill level 6 in Transmutations
 18688 | Lair:7   | Reached skill level 7 in Transmutations
 18748 | Lair:8   | Entered Level 8 of the Lair of Beasts
 18844 | Lair:8   | Found a burning altar of Makhleb.
 18888 | Lair:8   | Reached skill level 8 in Transmutations
 18911 | Lair:8   | Offered knowledge of Poisonous Cloud by Vehumet.
 19034 | Lair:8   | Reached skill level 9 in Transmutations
 19331 | Lair:8   | Identified Advanced Theurgy
 19498 | Lair:8   | Reached skill level 10 in Transmutations
 19581 | Lair:8   | Reached XP level 14. HP: 109/118 MP: 19/27
 20003 | Lair:8   | Reached skill level 11 in Transmutations
 20207 | Lair:8   | Offered knowledge of Orb of Destruction by Vehumet.
 20737 | Orc:1    | Entered Level 1 of the Orcish Mines
 20806 | Orc:2    | Entered Level 2 of the Orcish Mines
 20952 | Orc:2    | Reached ****** piety under Vehumet
 20973 | Orc:2    | Found a roughly hewn altar of Beogh.
 20975 | Orc:2    | Found Xamneragh's Magic Scroll Boutique.
 20992 | Orc:2    | Bought a scroll of acquirement for 624 gold pieces
 21007 | Orc:2    | Identified a +0 pair of boots of running (You acquired it on level 2 of the Orcish Mines)
 21196 | Orc:2    | Noticed a stone giant
 21203 | Orc:2    | Reached skill level 1 in Earth Magic
 21219 | Orc:2    | Killed a stone giant
 21407 | Orc:2    | Found a staircase to the Elven Halls.
 21438 | Orc:2    | Found a roughly hewn altar of Beogh.
 21547 | Orc:2    | Noticed Saint Roka
 21551 | Orc:2    | Reached skill level 12 in Transmutations
 21635 | Orc:2    | Learned a level 5 spell: Agony
 21691 | Orc:2    | HP: 3/118 [orc priest/divine providence[Saint Roka] (14)]
 21693 | Orc:2    | Offered knowledge of Iron Shot by Vehumet.
 21833 | Orc:2    | Found a roughly hewn altar of Beogh.
 21883 | Orc:2    | Killed Saint Roka
 21890 | Orc:2    | Found Seshufau's Weapon Emporium.
 22212 | Orc:2    | Found Plog's Antique Armour Emporium.
 22218 | Orc:2    | Found Cieblos's Antique Weapon Shoppe.
 22219 | Orc:2    | Found a roughly hewn altar of Beogh.
 22513 | Orc:1    | Found Penneteu's Armour Shoppe.
 22912 | D:13     | Noticed oplop's ghost (journeyman OpTm)
 22923 | D:13     | Killed oplop's ghost
 22944 | D:13     | Reached skill level 13 in Transmutations
 23175 | D:13     | Reached skill level 5 in Earth Magic
 23773 | D:13     | Found a gate to the Vaults.
 23902 | D:13     | Reached XP level 15. HP: 90/125 MP: 7/28
 24468 | D:14     | Found an opulent altar of Gozag.
 24686 | D:14     | Found Umys's Weapon Shoppe.
 24809 | D:14     | Reached skill level 14 in Transmutations
 25027 | D:15     | Entered Level 15 of the Dungeon
 25067 | D:15     | Noticed Urug
 25331 | D:15     | Reached skill level 10 in Fighting
 25505 | D:15     | Found a staircase to the Depths.
 25597 | D:15     | Offered knowledge of Fire Storm by Vehumet.
 25597 | D:15     | Offered knowledge of Shatter by Vehumet.
 25597 | D:15     | Offered knowledge of Tornado by Vehumet.
 26013 | D:15     | Killed Urug
 26546 | Swamp:1  | Entered Level 1 of the Swamp
 27506 | Swamp:2  | Noticed Aizul
 27522 | Swamp:2  | Killed Aizul
 27892 | Swamp:2  | Noticed a thorn hunter
 28580 | Swamp:3  | Noticed a thorn hunter
 28600 | Swamp:3  | Annihilated by a titanic slime creature

Skill      XL: |  1  2  3  4  5  6  7  8  9 10 11 12 13 14 15 |
---------------+----------------------------------------------+-----
Fighting       | 1 2 3 4 5 6 7 8 9 10 | 10.1
Necromancy     | 5 6 7 8 9 10 | 10.0
Unarmed Combat | 1 2 3 4 6 7 9 |  9.3
Spellcasting   | 3 4 5 6 7 8 9 |  9.6
Dodging        | 2 4 6 8 9 |  9.6
Ice Magic      | 3 7 10 | 10.6
Shields        | 3 4 |  4.6
Transmutations | 1 10 13 14 | 14.9
Earth Magic    | 5 7 |  7.4
Stealth        | |  1.7

Action                   |  1- 3 |  4- 6 |  7- 9 | 10-12 | 13-15 || total
-------------------------+-------+-------+-------+-------+-------++-------
Melee: Unarmed           |    20 |       |       |       |  1133 ||  1153
       Tailslap          |     3 |    17 |    42 |   105 |   190 ||   357
       Whip              |     2 |   171 |    64 |       |       ||   237
       Kick              |       |    12 |    69 |    91 |       ||   172
       Scimitar          |       |       |   254 |   876 |   171 ||  1301
       Punch             |       |       |     5 |       |    11 ||    16
       Headbutt          |       |       |       |   133 |   207 ||   340
       Bite              |       |       |       |       |    23 ||    23
Throw: Throwing net      |       |       |       |       |     2 ||     2
 Cast: Pain              |    61 |    78 |    45 |    59 |    14 ||   257
       Regeneration      |       |    11 |    20 |    54 |   136 ||   221
       Vampiric Draining |       |       |     6 |    52 |    80 ||   138
       Ensorcelled Hiber |       |       |       |     7 |       ||     7
       Ozocubu's Refrige |       |       |       |    19 |   104 ||   123
       Agony             |       |       |       |       |    19 ||    19
       Dragon Form       |       |       |       |       |    15 ||    15
       Statue Form       |       |       |       |       |     2 ||     2
 Abil: Breathe Frost     |       |       |    28 |    47 |    87 ||   162
       Fly               |       |       |       |     1 |       ||     1
Evoke: Wand              |       |       |       |       |     2 ||     2
  Use: Scroll            |       |     7 |     6 |    11 |    20 ||    44
       Potion            |       |     2 |     1 |    10 |     4 ||    17
 Stab: Sleeping          |       |       |     2 |    10 |     1 ||    13
       Distracted        |       |       |       |       |     1 ||     1
       Confused          |       |       |       |       |     1 ||     1
  Eat: Chunk             |     2 |     9 |    17 |    58 |   101 ||   187
       Bread ration      |       |       |     1 |       |       ||     1
       Fruit             |       |       |     1 |     4 |    16 ||    21
       Royal jelly       |       |       |       |     1 |     1 ||     2
       Pizza             |       |       |       |       |     7 ||     7
Armor: Skin              |    19 |    98 |   173 |   439 |   581 ||  1310
Dodge: Dodged            |    36 |   138 |   294 |   864 |  1101 ||  2433
Block: Buckler           |       |       |       |   246 |   336 ||   582
